 Dungeon Crawl Stone Soup version 0.27-a0-1188-g73eefd5def (webtiles) character file.

Game seed: 9953722836063111515

1138 spiderkeys the Skirmisher (level 8, -10/56 HPs)
             Began as an Octopode Abyssal Knight on May 21, 2021.
             Was a High Priest of Lugonu.
             Killed from afar by a steam dragon (15 damage)
             ... with a ball of steam
             ... on level 6 of the Dungeon.
             The game lasted 00:10:27 (8242 turns).

spiderkeys the Skirmisher (Octopode Abyssal Knight) Turns: 8242, Time: 00:10:28

Health: -10/56     AC:  1    Str: 14    XL:     8   Next: 37%
Magic:  12/12      EV: 18    Int: 14    God:    Lugonu [*****.]
Gold:   241        SH:  0    Dex: 11    Spells: 6/7 levels left

rFire    . . .     SeeInvis .   d - +1 lajatang
rCold    + . .     Faith    .   (shield currently unavailable)
rNeg     . . .     Spirit   .   (helmet restricted)
rPois    .         Reflect  .   y - amulet of magic regeneration
rElec    .         Harm     .   E - +4 ring of evasion
rCorr    .         Rampage  .   c - ring of protection from cold
Will     .....                  (no ring)
Stlth    ++........             (no ring)
HPRegen  0.18/turn              (no ring)
MPRegen  0.38/turn              (no ring)
                                (no ring)
                                (no ring)

@: no status effects
A: almost no armour, amphibious, 8 rings, camouflage 1, gelatinous body 1,
(nimble swimmer 1), tentacles
a: Renounce Religion, Depart the Abyss, Bend Space, Banish, Corrupt, Enter the
Abyss


You were on level 6 of the Dungeon.
You worshipped Lugonu.
Lugonu was extremely pleased with you.
You visited 1 branch of the dungeon, and saw 6 of its levels.
You visited the Abyss 1 time.
You also visited: Ossuary.

You collected 241 gold pieces.


Innate Abilities, Weirdness & Mutations

You cannot wear most types of armour.
You are amphibious.
You can wear up to eight rings at the same time.
Your skin changes colour to match your surroundings (Stealth+).
Your rubbery body absorbs attacks. (AC +1, EV +1)
((You are camouflaged near water. (Stealth+)))
You have tentacles for arms and can constrict up to eight enemies at once.


   Skills:
 + Level 5.5 Fighting
 - Level 2.0(3.5) Polearms
 + Level 4.5(4.7) Staves
 + Level 5.1 Dodging
 + Level 1.5 Transmutations
 + Level 5.5 Invocations


You had 6 spell levels left.
You knew the following spells:

 Your Spells              Type           Power      Damage    Failure   Level
b - Beastly Appendage     Tmut           8%         N/A       16%         1

Your spell library contained the following spells:

 Spells                   Type           Power      Damage    Failure   Level
 Wereblood                Tmut           4%         N/A       24%         2
 Corona                   Hex            0%         N/A       28%         1
 Magic Dart               Conj           0%         1d3       28%         1
 Ensorcelled Hibernation  Hex/Ice        0%         N/A       41%         2
 Searing Ray              Conj           0%         3d3       41%         2
 Spider Form              Tmut/Pois      1%         N/A       54%         3
 Confusing Touch          Hex            0%         N/A       65%         3
 Dazzling Flash           Conj/Hex       0%         N/A       65%         3
 Tukima's Dance           Hex            0%         N/A       65%         3
 Ice Form                 Ice/Tmut       2%         N/A       91%         4
 Fulminant Prism          Conj/Hex       0%         3d6       96%         4
 Iskenderun's Mystic Bla  Conj/Tloc      0%         2d3       96%         4
 Hydra Form               Tmut           2%         N/A       99%         5

Inventory:

Hand Weapons
 a - a +1 spear
 d - a +1 lajatang (weapon)
   (You found it on level 2 of the Abyss)
Missiles
 e - 2 javelins
 f - 65 arrows
 g - 194 stones
 h - 48 bolts
 k - 69 sling bullets
 r - 29 poisoned darts
 t - a throwing net {=f!f}
 x - 5 boomerangs
Jewellery
 c - a ring of protection from cold (right tentacle)
   (You found it on level 3 of the Dungeon)
 y - an amulet of magic regeneration (around mantle)
   (You found it on level 5 of the Dungeon)
 C - a ring of ice
   (You found it on level 1 of the Dungeon)
 E - a +4 ring of evasion (left tentacle)
   (You found it on level 3 of the Dungeon)
 F - a ring of fire
   (You found it on level 3 of the Dungeon)
 W - a ring of magical power
   (You took it off a gnoll on level 4 of the Dungeon)
Wands
 u - a wand of flame (11)
   (You found it on level 4 of the Dungeon)
 w - a wand of charming (13)
   (You found it on level 5 of the Dungeon)
Scrolls
 i - a scroll of immolation {!r!r}
 j - a scroll of blinking {!r}
 n - 2 scrolls of magic mapping {!r}
 p - a scroll of vulnerability {!r!r}
 s - 2 scrolls of identify {@r1}
 v - 3 scrolls of teleportation {@r4}
Potions
 b - a potion of attraction {unknown}
 l - a potion of haste {unknown}
 m - 3 potions of curing {unknown}
 o - 2 potions of flight {unknown}
 q - 3 potions of lignification {!q}
 z - a potion of magic {unknown}

Dungeon Overview and Level Annotations

Branches:
Dungeon (6/15)             Temple (0/1) D:4         Ossuary (visited)

Altars:
Fedhas
Uskayaw
Wu Jian

Shops:
D:3 ([[=[

#.............†....
#.............
##...........#
##.........###
##..§.<....###
##§§§.........#
##§.§###...###.#
###..### #...# #.##
#D@.## #...# #..#
#.§.## ##..# ##.#
..§..## #..###8.8
.....§. #..#.....
....... #....#8.8
....... .....##.#
....... .... #..
##..... ..# ### ##


You could see a steam dragon (catching breath).


Message History

g - 173 stones (gained 20) 😮 HP[+1] Key pressed, stopping explore.
Key pressed, stopping explore.
Key pressed, stopping explore.
Key pressed, stopping explore.
g - 194 stones (gained 21)
You see here an adder corpse.
Things that are here:
a +0 whip; a +0 scale mail; 😎 HP[+25]
Your hp is fully restored (56).
There is a stone staircase leading up here.
Found a stone staircase leading down.
Found an escape hatch in the floor.
You now have 222 gold pieces (gained 14).
Found an ornate altar of the Wu Jian Council.
An adder comes into view.
An adder is nearby!
The helpless adder fails to defend itself.
You hit the adder. You grab the adder. You constrict the adder.
The adder closely misses you. The adder barely misses you.
You slice the adder!!
You kill the adder!
Lugonu accepts your kill.
No target in view!
Key pressed, stopping explore.
You now have 232 gold pieces (gained 10).
Found a stone staircase leading up.
A hound comes into view.
The hound barks!
The hound bites you. 😕 HP[-6]
You take 6 damage, and now have 50/56 hp.
You barely miss the hound. Your grab misses the hound. You squeeze the hound!
The hound barely misses you. The hound misses you.
You hit the hound. Your grab misses the hound. The hound barely misses you.
The hound bites you. 😕 HP[-1]
You take 1 damage, and now have 49/56 hp.
You hit the hound. Your grab misses the hound. Your squeeze misses the hound.
The hound completely misses you.
A hound is nearby!
A hound is nearby!
You closely miss the hound. Your grab misses the hound.
The hound closely misses you. The hound barely misses you.
You barely miss the hound. Your grab misses the hound.
The hound closely misses you. x2 😕 HP[+1]
A hound is nearby!
A hound is nearby!
You barely miss the hound. Your grab misses the hound.
The hound barely misses you.
You slash the hound!
You kill the hound!
Lugonu accepts your kill.
You now have 241 gold pieces (gained 9).
Key pressed, stopping explore.
No target in view! 😎 HP[+6]
Your hp is fully restored (56).
A steam dragon comes into view.
A steam dragon is nearby!
A steam dragon is nearby!
The steam dragon hisses angrily.
The steam dragon breathes steam at you. The ball of steam hits you! 😮 HP[-16]
You take 16 damage, and now have 40/56 hp.
MASSIVE DAMAGE!! (PAUSE)
You are engulfed in a cloud of scalding steam.
The steam dragon bites you.
The steam dragon closely misses you. 😮 HP[-9]
You take 9 damage, and now have 31/56 hp.
You slash the steam dragon!
You are engulfed in a cloud of scalding steam.
* * * LOW HITPOINT WARNING * * *
The steam dragon bites you!
* * * LOW HITPOINT WARNING * * *
The steam dragon claws you.
* * * LOW HITPOINT WARNING * * *
The steam dragon barely misses you. x2 😨 HP[-13]
You take 13 damage, and now have 18/56 hp.
MASSIVE DAMAGE!! (PAUSE)
You hit the steam dragon.
You squeeze the steam dragon, but do no damage.
You are engulfed in a cloud of scalding steam.
* * * LOW HITPOINT WARNING * * *
The steam dragon bites you.
* * * LOW HITPOINT WARNING * * *
The steam dragon closely misses you. 😱 HP[-13]
You take 13 damage, and now have 5/56 hp.
MASSIVE DAMAGE!! (PAUSE)
Okay, then.
You barely miss the steam dragon.
You squeeze the steam dragon, but do no damage.
The steam dragon breathes steam at you. The ball of steam hits you!
You die...

Skill      XL: |  1  2  3  4  5  6  7  8 |
---------------+-------------------------+-----
Staves         | 1 2 3 4 |  4.5
Dodging        | 3 4 5 |  5.1
Invocations    | 3 4 5 |  5.5
Fighting       | 4 5 |  5.5
Transmutations | 1 |  1.5
Polearms       | |  2.0

Action                   |  1- 3 |  4- 6 |  7- 9 || total
-------------------------+-------+-------+-------++-------
Melee: Lajatang          |    46 |   198 |   142 ||   386
       Constrict         |    11 |    59 |    41 ||   111
       Tentacles         |     4 |    42 |    27 ||    73
       Kick              |       |       |     4 ||     4
 Cast: Beastly Appendage |       |       |     2 ||     2
Invok: Depart the Abyss  |     1 |       |       ||     1
  Use: Scroll            |     2 |    13 |     2 ||    17
       Potion            |       |     3 |       ||     3
 Stab: Sleeping          |     5 |     9 |     3 ||    17
Armor: Skin              |     4 |    20 |     4 ||    28
Dodge: Dodged            |    29 |   170 |   129 ||   328

Levels and vault maps discovered:
D:1:      eino_arrival_cavern_a, layout_loops_ring,
          hellmonk_ecumenical_altar_arch_garden, serial_bayou_pond_e,
          kennysheep_flooded_box
D:2:      layout_basic, basic_altar, serial_park_tiny_2
D:3:      layout_loops_ring, serial_shops, shop, nicolae_shop_waterfront, shop,
          nicolae_shop_behind_doors, shop, minmay_quadrilaterals, uniq_robin
D:4:      layout_loops_corners, minmay_temple_entry_enclosed_plants,
          nicolae_ossuary_entry_ruins, minmay_rat_hole, uniq_crazy_yiuf_cottage
D:5:      wad_woods_pond, layout_basic
D:6:      layout_layer_cave, minitemple, ebering_ghost_disaster_area,
          small_statue_intersection

Notes
Turn   | Place    | Note
-------+----------+-------------------------------------------
     0 | Abyss:1  | spiderkeys the Octopode Abyssal Knight began the quest for
                  | the Orb.
     0 | Abyss:1  | Reached XP level 1. HP: 16/16 MP: 2/2
     0 | Abyss:1  | magus.rc [v1.9.10]
   111 | Abyss:2  | Noticed a large abomination
   133 | Abyss:2  | Noticed a sixfirhy
   136 | D:1      | You pass through the gate.
   136 | D:1      | Escaped the Abyss
   449 | D:1      | Reached * piety under Lugonu
   466 | D:1      | Found a hide-covered altar of Uskayaw.
   501 | D:1      | Found a faded altar of an unknown god.
   512 | D:1      | Reached XP level 2. HP: 19/21 MP: 3/3
  1075 | D:1      | Reached skill level 1 in Staves
  1192 | D:2      | Reached XP level 3. HP: 21/26 MP: 4/4
  1201 | D:2      | HP: 6/26 [poisoned by an adder]
  1454 | D:2      | Found a blossoming altar of Fedhas.
  1513 | D:2      | Reached skill level 3 in Dodging
  1513 | D:2      | Reached XP level 4. HP: 31/31 MP: 4/6
  1681 | D:2      | HP: 3/32 [gnoll/+0 flail (9)]
  1693 | D:2      | Reached skill level 3 in Invocations
  1901 | D:2      | Reached ** piety under Lugonu
  1999 | D:2      | Reached skill level 2 in Staves
  1999 | D:2      | Reached XP level 5. HP: 32/37 MP: 7/7
  2684 | D:3      | Noticed Robin
  2687 | D:3      | Killed Robin
  2694 | D:3      | HP: 8/37 [dart slug/slug dart (4)]
  2697 | D:3      | HP: 2/37 [dart slug (2)]
  2709 | D:3      | HP: 9/37 [goblin/+0 club[Robin] (1)]
  2733 | D:3      | HP: 9/37 [goblin/+0 dagger[Robin] (1)]
  2781 | D:3      | Reached skill level 4 in Fighting
  2781 | D:3      | HP: 8/37 [jackal (2)]
  3294 | D:3      | Found Fowaw's Jewellery Shoppe.
  3302 | D:3      | Found Jacet's Armour Shop.
  3356 | D:3      | Found Vickuzul's Antique Armour Shoppe.
  3414 | D:3      | Found Qileffal's Antique Weapon Shop.
  3453 | D:3      | Reached *** piety under Lugonu
  3516 | D:3      | Found Poliqiwk's Armour Emporium.
  3935 | D:4      | HP: 9/37 [gnoll/+0 flail (8)]
  3942 | D:4      | Noticed a black bear
  3945 | D:4      | HP: 7/37 [hobgoblin (3)]
  3952 | D:4      | Killed a black bear
  3953 | D:4      | Reached XP level 6. HP: 10/43 MP: 8/8
  3969 | D:4      | Found a sand-covered staircase.
  3976 | Ossuary  | Entered an ossuary
  4278 | Ossuary  | Reached skill level 3 in Staves
  4278 | Ossuary  | Reached skill level 4 in Invocations
  4338 | Ossuary  | Reached skill level 4 in Dodging
  4401 | Ossuary  | Reached **** piety under Lugonu
  4621 | D:4      | Reached XP level 7. HP: 42/49 MP: 10/10
  4834 | D:4      | Found a staircase to the Ecumenical Temple.
  5631 | D:4      | Found a runed translucent door.
  5632 | D:4      | Noticed Crazy Yiuf
  6065 | D:4      | Killed Crazy Yiuf
  6166 | D:5      | Entered Level 5 of the Dungeon
  6173 | D:5      | Reached skill level 5 in Fighting
  6632 | D:5      | You pick up a book of Conjurations and begin reading...
  6632 | D:5      | You add the spells Magic Dart, Searing Ray, Dazzling Flash,
                  | Fulminant Prism and Iskenderun's Mystic Blast to your
                  | library.
  6909 | D:5      | Reached skill level 4 in Staves
  6909 | D:5      | Reached skill level 5 in Invocations
  7140 | D:5      | You pick up a book of Changes and begin reading...
  7140 | D:5      | You add the spells Beastly Appendage, Wereblood, Spider
                  | Form, Ice Form and Hydra Form to your library.
  7143 | D:5      | Learned a level 1 spell: Beastly Appendage
  7156 | D:5      | Reached XP level 8. HP: 51/55 MP: 11/11
  7229 | D:5      | Reached skill level 5 in Dodging
  7229 | D:5      | Reached skill level 1 in Transmutations
  7797 | D:6      | You pick up a book of Maledictions and begin reading...
  7797 | D:6      | You add the spells Corona, Ensorcelled Hibernation,
                  | Confusing Touch and Tukima's Dance to your library.
  7841 | D:6      | Reached ***** piety under Lugonu
  8095 | D:6      | Found an ornate altar of the Wu Jian Council.
  8241 | D:6      | HP: 11/56 [steam dragon] (7)]
  8241 | D:6      | HP: 5/56 [steam dragon (6)]
  8242 | D:6      | Killed from afar by a steam dragon

Vanquished Creatures
  A water moccasin (D:5)
  An ogre (D:4)
  An elf zombie (Ossuary)
  A centaur zombie (Ossuary)
  2 bullfrog zombies
  A jelly (D:5)
  A bullfrog skeleton (D:5)
  A gnoll shaman (D:5)
  A centaur skeleton (D:6)
  3 hounds
  Crazy Yiuf (D:4)
  An iguana (D:5)
  An orc wizard (D:6)
  2 mummies (Ossuary)
  Robin (D:3)
  14 adders
  9 gnolls
  A white imp (D:5)
  2 ufetubi (D:5)
  An adder zombie (Ossuary)
  A worm (D:3)
  4 dart slugs
  9 orcs
  7 bats
  8 endoplasms
  2 giant cockroaches
  15 goblins
  6 hobgoblins
  13 jackals
  9 quokkas
  4 ball pythons
  5 frilled lizards
  2 goblin zombies (Ossuary)
  12 hobgoblin zombies (Ossuary)
  3 jackal zombies (Ossuary)
  4 kobolds
  5 kobold zombies (Ossuary)
  11 orc zombies (Ossuary)
  26 rats
  A rat zombie (Ossuary)
193 creatures vanquished.

Vanquished Creatures (collateral kills)
  A black bear (D:4)
  2 gnolls (D:4)
  An endoplasm (D:4)
  A ball python (D:4)
5 creatures vanquished.

Vanquished Creatures (others)
  7 plants (D:5)
7 creatures vanquished.

Grand Total: 205 creatures vanquished

Table legend:
 A = Non-vault XP
 B = Vault XP
 C = Vault XP percentage of total XP
 D = Non-vault monster count
 E = Vault monster count
 F = Vault count percentage of total count
                 A         B        C        D         E       F
            +---------+---------+-------+---------+---------+-------
      Total |    1301 |     326 |  20.0 |     122 |      76 |  38.4
            +---------+---------+-------+---------+---------+-------
        D:1 |      28 |       0 |   0.0 |      18 |       0 |   0.0
        D:2 |     147 |       0 |   0.0 |      28 |       0 |   0.0
        D:3 |      85 |      45 |  34.6 |      27 |      16 |  37.2
        D:4 |     356 |      59 |  14.2 |      19 |      20 |  51.3
        D:5 |     471 |       8 |   1.7 |      19 |       1 |   5.0
        D:6 |     214 |       0 |   0.0 |      11 |       0 |   0.0
    Ossuary |       0 |     214 | 100.0 |       0 |      39 | 100.0
            +---------+---------+-------+---------+---------+-------

Illustrated notes

Table legend:
 A = Kills in this place as a percentage of kills in entire the game.
 B = Kills by you in this place as a percentage of kills by you in the entire game.
 C = Kills by friends in this place as a percentage of kills by friends in the entire game.
 D = Other kills in this place as a percentage of other kills in the entire game.
 E = Experience gained in this place as a percentage of experience gained in the entire game.
 F = Experience gained in this place divided by the number of levels of this place that you have seen.
                   A       B       C       D       E      F
               +-------+-------+-------+-------+-------+----------------------
         Total | 100.0 | 100.0 | 100.0 |   N/A | 100.0 | 180.8
       Dungeon |  80.3 |  79.8 | 100.0 |   N/A |  86.8 | 235.5
       Ossuary |  19.7 |  20.2 |   0.0 |   N/A |  13.2 | 214.0
               +-------+-------+-------+-------+-------+----------------------

Table legend: (Time is in decaauts)
 A = Elapsed time spent in this place.
 B = Non-inter-level travel time spent in this place.
 C = Inter-level travel time spent in this place.
 D = Time resting spent in this place.
 E = Time spent auto-exploring this place.
 F = Levels seen in this place.
 G = Mean time per level.
                   A        B        C        D        E       F      G
               +--------+--------+--------+--------+--------+-----+--------+
         Total |   8332 |   8196 |    136 |    242 |   6713 |   9 |  925.8 |
       Dungeon |   7540 |   7404 |    136 |     31 |   6383 |   6 | 1256.7 |
         Abyss |    135 |    135 |      0 |      0 |     40 |   2 |   67.5 |
       Ossuary |    656 |    656 |      0 |    211 |    290 |   1 |  656.0 |
               +--------+--------+--------+--------+--------+-----+--------+

Top non-repeatable levels by time:
     D:4: 1687 daAuts
     D:5: 1618 daAuts
     D:2: 1456 daAuts
     D:3: 1292 daAuts
     D:1: 1013 daAuts
 Ossuary: 656 daAuts
     D:6: 472 daAuts
 Abyss:2: 69 daAuts
 Abyss:1: 66 daAuts
